 Dungeon Crawl Stone Soup version 0.30-a0-591-g3c58d2bc28 (webtiles) character file.

Game seed: 14431942114589306161

3130 Shayle the Conjurer (level 9, 0/59 (69) HPs)
             Began as a Demonspawn Reaver on Jan 5, 2023.
             Was an Initiate of Ashenzari.
             Slain by an orc warlord
             ... wielding a +9 broad axe
              (3 damage)
             ... in a bailey.
             The game lasted 00:41:41 (8469 turns).

Shayle the Conjurer (Demonspawn Reaver)             Turns: 8469, Time: 00:41:42

HP:   0/59 (69)     AC: 14    Str: 12    XL:     9   Next: 61%
MP:   2/12          EV: 13    Int: 25    God:    Ashenzari [......]
Gold: 388           SH:  4    Dex: 12    Spells: 4/12 levels left

rFire   . . .      SeeInvis .    m - +1 dagger (venom)
rCold   . . .      Faith    .    (no shield)
rNeg    . . .      Spirit   .    i - +0 troll leather armour
rPois   .          Reflect  .    q - +1 helmet
rElec   .          Harm     .    f - +2 cloak
rCorr   .          Rampage  .    (no gloves)
Will    .....                    (no boots)
Stlth   +                        (no amulet)
HPRegen 1.09/turn                j - ring "Eternal Burden" {Int+6, Bglg, Elem} (curse)
MPRegen 0.13/turn                (no ring)

@: very slightly contaminated, heavily drained, invisible
A: icemail 1, sharp scales 1, condensation shield, demonic magic 1
a: Renounce Religion, Curse Item, Shatter the Chains


You were in a bailey.
You worshipped Ashenzari.
Ashenzari was noncommittal.
You visited 2 branches of the dungeon, and saw 9 of its levels.
You also visited: Sewer and Bailey.

You collected 388 gold pieces.

Inventory:

Hand Weapons
 a - a +0 spear
 m - a +1 dagger of venom (weapon)
Missiles
 x - a throwing net
Armour
 b - a +0 leather armour
 f - a +2 cloak (worn)
 i - a +0 troll leather armour (worn)
 q - a +1 helmet (worn)
 w - the +2 robe of the Northern Lights {Str+4 SInv}
   (You found it on level 5 of the Dungeon)

   Str:       It affects your strength (+4).
   SInv:      It lets you see invisible.
Jewellery
 j - the cursed ring "Eternal Burden" (left hand) {Int+6, Bglg, Elem}
   (You found it on level 2 of the Dungeon)

   [ring of intelligence]

   Int:       It affects your intelligence (+6).
   It has a curse which improves the following skills: Beguiling: Conjurations,
   Hexes and Translocations.
   Elements:  Fire Magic, Ice Magic, Air Magic and Earth Magic.
 r - a ring of see invisible
 u - a ring of ice
Wands
 n - a wand of flame (25)
 p - a wand of mindburst (4)
Scrolls
 e - a scroll of brand weapon
 g - 2 scrolls of magic mapping
 h - 2 scrolls of enchant weapon
 s - a scroll of fog
 t - 3 scrolls of teleportation
 v - a scroll of fear
Potions
 d - 4 potions of curing
 k - 3 potions of attraction
 l - 2 potions of haste
 o - 4 potions of flight
 z - a potion of mutation {unknown}
 B - 2 potions of resistance {unknown}


   Skills:
 + Level 5.8 Fighting
 - Level 2.6 Polearms
 + Level 5.3 Dodging
 - Level 2.0 Spellcasting
 + Level 5.9(6.3) Conjurations
 + Level 5.8 Necromancy
 + Level 4.4(4.8) Ice Magic
 + Level 2.2(2.6) Air Magic
 + Level 4.8(5.2) Earth Magic


You had 4 spell levels left.
You knew the following spells:

 Your Spells              Type           Power      Damage    Failure   Level
a - Kiss of Death         Conj/Necr      100%       2d13      1%          1
b - Hailstorm             Conj/Ice       30%        3d8       4%          3
c - Airstrike             Air            7%         2d(2-18)  43%         4

Your spell library contained the following spells:

 Spells                   Type           Power      Damage    Failure   Level
 Sublimation of Blood     Necr           31%        N/A       1%          2
 Shock                    Conj/Air       96%        1d9       2%          1
 Momentum Strike          Conj/Tloc      36%        3d9       6%          2
 Beastly Appendage        Tmut           4%         N/A       14%         1
 Swiftness                Air            15%        N/A       14%         3
 Wereblood                Tmut           2%         N/A       22%         2
 Gell's Gravitas          Tloc           2%         N/A       38%         3
 Lesser Beckoning         Tloc           4%         N/A       38%         3
 Spider Form              Tmut/Pois      2%         N/A       38%         3
 Teleport Other           Tloc           2%         N/A       38%         3
 Summon Hydra             Summ           1%         N/A       100%        7


Dungeon Overview and Level Annotations

Branches:
Dungeon (8/15)             Temple (1/1) D:4           Sewer (visited)
 Bailey (1/1)
   Lair: D:8-11

Altars:
Ashenzari
Cheibriados
Dithmenos
Fedhas
Gozag
Hepliaklqana
Kikubaaqudgha
Sif Muna
Trog
Uskayaw
Vehumet
Xom
Yredelemnul

Shops:
D:1 :


Innate Abilities, Weirdness & Mutations

A meltable icy envelope protects you from harm. (AC +4)
You are partially covered in razor-sharp scales. (AC +1, Slay +1)
A meltable shield of frost defends you. (SH +4)
Spells you cast may paralyse adjacent enemies.


Message History

The orc warrior screams, "Help!"
Aiming: Mindburst
Press: ? - help, Shift-Dir - straight line, f/p - orc warlord
Aim: an orc warlord, wielding a +9 broad axe and wearing a +0 chain mail (moderately wounded, unable to see you, very poisoned, chance to affect: 29%)
The orc warlord's mind is blasted!
The orc warlord barely misses you.
The orc warrior suddenly complains.
You block the orc warrior's attack.
Aiming: Mindburst
Press: ? - help, Shift-Dir - straight line, f/p - orc warlord
Aim: an orc warlord, wielding a +9 broad axe and wearing a +0 chain mail (moderately wounded, unable to see you, very poisoned, chance to affect: 29%)
The orc warlord's mind is blasted!
The orc warlord hits you with a +9 broad axe!
* * * LOW HITPOINT WARNING * * *
The orc warrior hits you with a +0 battleaxe!
* * * LOW HITPOINT WARNING * * *
Okay, then.
You feel much better. The orc warlord misses you.
The orc warrior closely misses you.
Casting: Hailstorm (dangerous; 4% risk of failure)
Confirm with . or Enter, or press ? or * to list all spells.
Aiming: Kiss of Death (safe; 1% risk of failure)
Press: ? - help, Shift-Dir - straight line, f/p - orc warlord
Aim: an orc warlord, wielding a +9 broad axe and wearing a +0 chain mail (heavily wounded, unable to see you, poisoned, 100% to hit)
The negative energy hits the orc warlord but does no damage.
The orc warlord is drained!
The orc warlord is heavily wounded.
You feel drained. Malevolent energies surge around you.
The orc warrior suddenly stops moving!
The orc warlord hits you with a +9 broad axe!
You hit the orc warlord but do no damage.
The orc warlord looks even sicker.
The orc warlord is heavily wounded.
The orc warlord hits you with a +9 broad axe!!
* * * LOW HITPOINT WARNING * * *
You catch the helpless orc warlord completely off-guard!
You hit the orc warlord but do no damage.
The orc warlord looks as sick as possible!
The orc warlord is heavily wounded.
The orc warlord hits you with a +9 broad axe.
You die...

###)))).....###......
###.#'#.....###.###....
###.....###.###...
###.# ##.........###
.... ### #..........8#
..... #.
#..........8#)..... #.
#∩....⌠.....))).... #.
#........oo8#.).... #.
#........@.8# ..... #.
##.........### .... ###
###.....###.###...
###.#
###.#'#.....###.###....
###.))......###......
#..)........#.......
#...........#.......
#.....⌠....)#)....⌠.
#..........)).......


You could see an orc warlord (unable to see you, extremely poisoned, drained)
and an orc warrior (strong, paralysed).

Vanquished Creatures
  A deep elf pyromancer (D:6)
  An ice beast (D:6)
  11 orc warriors (Bailey)
  2 ogres
  A phantom (D:5)
  A kobold brigand (D:7)
  A bullfrog (D:6)
  A necrophage (D:5)
  3 scorpions
  5 hounds
  2 jellies (D:5)
  2 gnoll boudas
  3 orc priests
  2 iguanas (D:5)
  2 orc wizards
  17 gnolls
  4 river rats
  13 adders
  3 worms
  3 dart slugs
  24 orcs
  10 ball pythons
  10 endoplasms
  12 giant cockroaches
  25 goblins
  14 hobgoblins
  11 jackals
  11 kobolds
  11 quokkas
  15 bats
  6 frilled lizards
  6 rats
233 creatures vanquished.

Vanquished Creatures (others)
  A hobgoblin (D:3)
  6 withered plants (D:5)
7 creatures vanquished.

Grand Total: 240 creatures vanquished

Notes
Turn   | Place    | Note
-------+----------+-------------------------------------------
     0 | D:1      | Shayle the Demonspawn Reaver began the quest for the Orb.
     0 | D:1      | Reached XP level 1. HP: 16/16 MP: 3/3
   320 | D:1      | Found Sodduz's Book Boutique.
   337 | D:1      | Gained mutation: A meltable shield of frost defends you.
                  | (SH +4) [demonic ancestry]
   337 | D:1      | Reached XP level 2. HP: 22/22 MP: 5/5
   389 | D:1      | Reached skill level 1 in Necromancy
   759 | D:1      | Reached skill level 1 in Earth Magic
  1045 | D:1      | Reached XP level 3. HP: 28/28 MP: 6/6
  2171 | D:3      | Gained mutation: You are partially covered in razor-sharp
                  | scales. (AC +1, Slay +1) [demonic ancestry]
  2171 | D:3      | Reached XP level 4. HP: 33/34 MP: 7/7
  2222 | D:3      | Found a basalt altar of Yredelemnul.
  2242 | D:3      | Found a shimmering blue altar of Sif Muna.
  2242 | D:3      | Found an opulent altar of Gozag.
  2533 | D:3      | Found a glowing drain.
  2537 | Sewer    | Entered a sewer
  2574 | Sewer    | Learned a level 3 spell: Hailstorm
  2776 | Sewer    | Gained mutation: Spells you cast may paralyse adjacent
                  | enemies. [demonic ancestry]
  2776 | Sewer    | Reached XP level 5. HP: 41/41 MP: 8/8
  3994 | D:3      | Reached skill level 1 in Ice Magic
  3994 | D:3      | Reached XP level 6. HP: 47/47 MP: 9/9
  4130 | D:4      | Found a staircase to the Ecumenical Temple.
  4139 | Temple   | Entered the Ecumenical Temple
  4240 | Temple   | Became a worshipper of Ashenzari the Shackled
  4960 | D:5      | Entered Level 5 of the Dungeon
  5091 | D:5      | Reached XP level 7. HP: 53/53 MP: 10/10
  5632 | D:6      | Noticed a deep elf pyromancer
  5642 | D:6      | Noticed a fire elemental
  5651 | D:6      | Noticed a fire elemental
  5651 | D:6      | Killed a deep elf pyromancer
  5652 | D:6      | Gained mutation: A meltable icy envelope protects you from
                  | harm. (AC +4) [demonic ancestry]
  5652 | D:6      | Reached XP level 8. HP: 8/61 MP: 2/11
  6307 | D:5      | Found an ancient bone altar of Kikubaaqudgha.
  6455 | D:5      | Identified the +2 robe of the Northern Lights {Str+4 SInv}
  6644 | D:5      | Reached skill level 5 in Conjurations
  6865 | D:5      | Reached skill level 5 in Fighting
  7123 | D:6      | Learned a level 4 spell: Airstrike
  7249 | D:6      | Reached skill level 5 in Necromancy
  7520 | D:7      | Reached XP level 9. HP: 56/68 MP: 12/12
  7900 | D:7      | You fall into a shaft and drop 1 floor!
  7916 | D:8      | Found a flagged portal.
  7927 | Bailey   | Entered a bailey
  7958 | Bailey   | Reached skill level 1 in Air Magic
  8121 | Bailey   | Reached skill level 5 in Dodging
  8439 | Bailey   | Noticed an orc warlord
  8465 | Bailey   | HP: 1/69 [orc warrior/+0 battleaxe (10)]
  8469 | Bailey   | Slain by an orc warlord

Illustrated notes

Levels and vault maps discovered:
D:1:      ebering_trefoil_3fold, layout_loops_ring, serial_shops,
          shop_fountains, serial_bayou_pond_b, minivault_5, st_stairs_10,
          minmay_misc_feat_tiny
D:2:      layout_loops_ring, minmay_pentomino_pile
D:3:      layout_basic, mainiacjoe_overflow_concentric_impassable,
          chequers_temple_overflow_statue_of_worship, gup_sewer_entry_spiral
D:4:      layout_cave_pods, minmay_temple_entry_statues_pillars
D:5:      kennysheep_spiral_hall, layout_loops_cross, kiku_gazebo_garden_becter
D:6:      lemuel_ice_spiral_2, layout_basic, chequers_serial_rivers_large_b,
          nicolae_lava_and_water, roderic_roman_lattice,
          guppyfry_early_elven_hall
D:7:      layout_basic, serial_shops, nicolae_shop_bloodbath_and_beyond,
          hex_medium
D:8:      layout_loops_ring, grunt_temple_overflow_open, enter_bailey_4,
          serial_shops, nicolae_stop_n_shop_1, dk_noncrumbling_3,
          kennysheep_generic_room_2
Temple:   oiseaux_autumnal_temple
Bailey:   bailey_axe_minmay_hex_keep, bailey

Skill      XL: |  1  2  3  4  5  6  7  8  9 |
---------------+----------------------------+-----
Dodging        | 2 3 4 5 |  5.3
Necromancy     | 1 2 3 4 5 |  5.8
Earth Magic    | 1 2 3 4 |  4.8
Fighting       | 3 4 5 |  5.8
Ice Magic      | 1 2 3 4 |  4.4
Conjurations   | 4 5 |  5.9
Air Magic      | 2 |  2.2
Polearms       | |  2.6
Spellcasting   | |  2.0

Action                   |  1- 3 |  4- 6 |  7- 9 || total
-------------------------+-------+-------+-------++-------
Melee: Spear             |   259 |   485 |   191 ||   935
       Punch             |       |     4 |     4 ||     8
       Dagger            |       |       |   244 ||   244
 Cast: Hailstorm         |       |     2 |    30 ||    32
       Kiss of Death     |       |       |     3 ||     3
Invok: Curse Item        |       |       |     1 ||     1
Evoke: Wand              |       |       |    11 ||    11
  Use: Scroll            |     3 |     5 |    11 ||    19
       Potion            |       |     7 |     8 ||    15
 Stab: Sleeping          |     1 |     3 |       ||     4
       Paralysed         |       |       |     9 ||     9
       Invisible         |       |       |     1 ||     1
Armor: Leather armour    |    28 |       |       ||    28
       Troll leather arm |    29 |   118 |   138 ||   285
Dodge: Dodged            |   110 |   258 |   246 ||   614
Block: Other             |    26 |    71 |    77 ||   174

Table legend: (Time is in decaauts)
 A = Elapsed time spent in this place.
 B = Non-inter-level travel time spent in this place.
 C = Inter-level travel time spent in this place.
 D = Time resting spent in this place.
 E = Time spent auto-exploring this place.
 F = Levels seen in this place.
 G = Mean time per level.
                   A        B        C        D        E       F      G
               +--------+--------+--------+--------+--------+-----+--------+
         Total |   8692 |   8315 |    377 |    653 |   4780 |  11 |  790.2 |
       Dungeon |   7033 |   6690 |    343 |    424 |   4174 |   8 |  879.1 |
        Temple |    130 |     96 |     34 |      0 |     85 |   1 |  130.0 |
         Sewer |    987 |    987 |      0 |     25 |    461 |   1 |  987.0 |
        Bailey |    541 |    541 |      0 |    204 |     59 |   1 |  541.0 |
               +--------+--------+--------+--------+--------+-----+--------+

Top non-repeatable levels by time:
     D:3: 1322 daAuts
     D:6: 1262 daAuts
     D:5: 1174 daAuts
     D:1: 1081 daAuts
   Sewer: 987 daAuts
     D:4: 935 daAuts
     D:2: 799 daAuts
  Bailey: 541 daAuts
     D:7: 426 daAuts
  Temple: 130 daAuts
     D:8: 31 daAuts
